 Dungeon Crawl Stone Soup version 0.23.2 (webtiles) character file.

Game seed: 3743762696589341657

7921 FakeJameh the Thaumaturge (level 11, -3/66 HPs)
             Began as a Gargoyle Chaos Knight on Apr 29, 2019.
             Was a Plaything of Xom.
             Hit by a large rock thrown by a cyclops (17 damage)
             ... on level 11 of the Dungeon.
             The game lasted 01:16:22 (8188 turns).

FakeJameh the Thaumaturge (Gargoyle Chaos Knight)   Turns: 8188, Time: 01:16:22

Health: -3/66      AC: 18    Str: 15 (17) XL:     11   Next: 22%
Magic:  30/32      EV: 28    Int: 18 (19) God:    Xom [..*...]
Gold:   451        SH:  0    Dex:  8 (10) Spells: 4/27 levels left

rFire    . . .     SeeInvis .   a - +3 hand axe (chaos)
rCold    . . .     Gourm    .   (no shield)
rNeg     + . .     Faith    .   b - +3 leather armour
rPois    ∞         Spirit   .   (helmet restricted)
rElec    +         Reflect  .   r - +0 cloak
rCorr    .         Harm     .   (no gloves)
MR       .....                  (no boots)
Stlth    +++.......             d - amulet of the acrobat
HPRegen  0.21/turn              C - ring of magical power
MPRegen  0.23/turn              v - +2 ring of protection

@: brilliant, acrobat
A: big wings, horns 1, negative energy resistance 1, electricity resistance,
unbreathing, petrification resistance, rot immunity, AC +8
a: Fly, Renounce Religion


You were on level 11 of the Dungeon.
You worshipped Xom.
You were a toy of Xom.
You were not hungry.

You visited 1 branch of the dungeon, and saw 12 of its levels.
You also visited: Ossuary.

You collected 451 gold pieces.

Inventory:

Hand Weapons
 a - a +3 hand axe of chaos (weapon)
 l - a +1 hunting sling of flaming
 x - a +2 hand axe of freezing
 F - a +0 dire flail of holy wrath
 P - a +0 war axe
 Q - a +0 morningstar of draining
Armour
 b - a +3 leather armour (worn)
 j - a +0 chain mail
 n - a -1 plate armour
 o - a +2 helmet
 p - a +0 plate armour
 r - a +0 cloak (worn)
 w - a +1 ring mail of fire resistance
 J - a +2 leather armour of cold resistance
 S - a +0 large shield
Jewellery
 d - an amulet of the acrobat (around neck)
 v - a +2 ring of protection (right hand)
 z - an uncursed ring of ice {unknown}
 C - a ring of magical power (left hand)
 N - an uncursed amulet of regeneration
Wands
 k - a wand of flame (21)
 t - a wand of digging (4)
 H - a wand of acid (7)
 L - a wand of clouds (2)
Scrolls
 e - 4 scrolls of remove curse
 f - a scroll of blinking
 g - 3 scrolls of fog
 h - 3 scrolls of immolation
 y - 2 scrolls of amnesia
 B - a scroll of identify
 K - a scroll of noise
Potions
 i - a potion of might
 m - 2 potions of cancellation
 q - 5 potions of curing
 s - a potion of ambrosia
 u - a potion of brilliance
 A - a potion of resistance
 E - 2 potions of mutation
 G - a potion of heal wounds
 I - 2 potions of magic
Comestibles
 c - 23 rations


   Skills:
 - Level 6.7 Fighting
 - Level 6.1 Axes
 - Level 5.9 Armour
 - Level 4.2 Dodging
 - Level 5.8 Stealth
 + Level 1.8 Shields
 * Level 8.8 Spellcasting
 + Level 0.1 Conjurations
 + Level 4.5 Hexes
 + Level 5.4 Necromancy
 + Level 1.4 Ice Magic
 - Level 3.7 Evocations


You had 4 spell levels left.
You knew the following spells:

 Your Spells              Type           Power        Failure   Level  Hunger
a - Confusing Touch       Hex            #####.       1%          1    None
b - Confuse               Hex            #####...     1%          3    None
c - Animate Skeleton      Necr           N/A          1%          1    None
d - Vampiric Draining     Necr           #####.....   1%          3    None
e - Agony                 Necr           #####...     3%          5    #####..
f - Ensorcelled Hibernat  Hex/Ice        ####..       1%          2    None
g - Freeze                Ice            ###.         1%          1    None
h - Corona                Hex            #####..      1%          1    None
i - Tukima's Dance        Hex            #####...     1%          3    None
j - Dazzling Spray        Conj/Hex       ####..       1%          3    None

Your spell library contained the following spells:

 Spells                   Type           Power        Failure   Level  Hunger
 Gell's Gravitas          Tloc           ###.......   4%          3    None
 Petrify                  Tmut/Erth      ###.....     12%         4    ###....
 Metabolic Englaciation   Hex/Ice        ####......   10%         5    #####..
 Bolt of Draining         Conj/Necr      ####......   11%         5    #####..
 Yara's Violent Unravell  Hex/Tmut       ####......   13%         5    #####..
 Freezing Cloud           Conj/Ice/Air   ###.......   71%         6    ######.


Dungeon Overview and Level Annotations

Branches:
Dungeon (12/15)            Temple (0/1) D:6
   Lair: D:8-11         Orc: D:9-12

Altars:
Cheibriados
Elyvilon
Hepliaklqana
Kikubaaqudgha
Okawaru
Qazlal
Ru
Trog
Uskayaw
Xom

Annotations:
D:11 Erica, Josephine


Innate Abilities, Weirdness & Mutations

You are resistant to torment.
Your stone body is resilient. (AC +8)
You are immune to poison.
You resist negative energy. (rN+)
You are resistant to electric shocks. (rElec)
You can survive without breathing.
You are immune to petrification.
You are immune to rotting.
Your large and strong wings let you fly indefinitely.
You have a pair of small horns on your head.


Message History

You see here a large rock.
Blink to where?
Press: ? - help, Dir - move target cursor, f - you, p - cyclops
Okay, then.
Unknown command.
Okay, then.
Okay, then.
Okay, then.
Okay, then.
Blink to where?
Press: ? - help, Dir - move target cursor, f - you, p - cyclops
Okay, then.
Unknown command.
As you read the scroll of fog, it crumbles to dust.
The scroll dissolves into smoke.
Something hits you but does no damage.
Erica drinks a potion.
Erica seems to grow stronger.
Something barely misses you.
The cyclops throws a large rock.
The large rock hits you!
You die...
Xom cackles wildly!

.. .. .. ######' ######
.......##############.....
.......#............#.....
#.....@#§§§§§.......#.....
#§C§{§.........#.....
.......#§@§§........#.....
...!...####+###+#####.....
#######.....................#####
#.....#.##.......#..........'...'
#.....# #...W...#..<.......#...#
#.....# #.......#..........#...#
#.....# #@......#..........#...#
#.....# W......#..........#...#
#.....# ..................##..'


You could see a cyclops.

Vanquished Creatures
  A two-headed ogre (D:8)
  A deep troll (shapeshifter) (D:7)
  2 manticores
  A kobold demonologist (D:8)
  A queen bee (D:9)
  2 slime creatures
  A spriggan (D:8)
  A shadow (D:12)
  A hungry ghost (D:9)
  3 wraiths
  A vampire mosquito (D:8)
  An ice beast (D:5)
  3 sky beasts
  6 orc warriors
  2 black bears (D:8)
  3 ogres
  A wolf (D:6)
  4 bullfrogs
  3 scorpions
  6 killer bees (D:9)
  2 wights (Ossuary)
  4 howler monkeys
  8 crimson imps
  3 bullfrog zombies
  A quasit (D:6)
  2 centaur skeletons
  2 jellies
  2 hounds
  8 orc priests
  2 iguanas
  2 bullfrog skeletons (D:5)
  Terence (D:2)
  6 orc wizards
  6 worker ants
  A hound zombie (D:8)
  2 hound skeletons
  A river rat (D:7)
  16 adders
  3 shadow imps
  2 oozes
  An adder skeleton (D:6)
  A worm (D:2)
  2 dart slugs
  A leopard gecko (D:3)
  37 orcs
  A giant cockroach (D:5)
  7 goblins
  5 hobgoblins
  7 jackals
  4 quokkas
  6 bats
  3 frilled lizards
  2 hobgoblin skeletons (Ossuary)
  A hobgoblin zombie (Ossuary)
  6 kobolds
  3 orc skeletons (Ossuary)
  An orc zombie (Ossuary)
  13 rats
  2 withered plants (D:12)
221 creatures vanquished.

Vanquished Creatures (collateral kills)
  A tarantella (D:8)
  A phantom (D:8)
  An ice beast (D:5)
  An orc (D:9)
4 creatures vanquished.

Vanquished Creatures (others)
  3 dancing weapons
  A human (D:6)
  An orc (D:3)
5 creatures vanquished.

Grand Total: 230 creatures vanquished

Notes
Turn   | Place    | Note
-------+----------+-------------------------------------------
     0 | D:1      | FakeJameh the Gargoyle Chaos Knight began the quest for the
                  | Orb.
     0 | D:1      | Reached XP level 1. HP: 14/14 MP: 1/1
    50 | D:1      | XOM: harmless Summ miscast
   192 | D:1      | Reached XP level 2. HP: 19/19 MP: 2/2
   428 | D:1      | Reached skill level 1 in Dodging
   428 | D:1      | Reached XP level 3. HP: 23/24 MP: 3/3
   631 | D:2      | Noticed Terence
   740 | D:2      | Found a hazy altar of Hepliaklqana.
   798 | D:2      | Found a white marble altar of Elyvilon.
   945 | D:2      | XOM: divination: detect creatures
   966 | D:2      | Killed Terence
   966 | D:2      | Reached XP level 4. HP: 25/29 MP: 4/4
  1077 | D:2      | Reached skill level 1 in Stealth
  1311 | D:2      | XOM: noise
  1457 | D:3      | Found a snail-covered altar of Cheibriados.
  1489 | D:3      | Found an ancient bone altar of Kikubaaqudgha.
  1625 | D:3      | Reached XP level 5. HP: 28/33 MP: 5/5
  1653 | D:3      | XOM: harmless Summ miscast
  2045 | D:4      | XOM: potion effect (agility)
  2057 | D:4      | XOM: medium Pois miscast
  2370 | D:4      | Reached XP level 6. HP: 19/39 MP: 6/6
  2380 | D:4      | Noticed a water elemental
  2382 | D:4      | Found a stormy altar of Qazlal.
  2382 | D:4      | XOM: harmless Erth miscast
  2383 | D:4      | Noticed a fire elemental
  2384 | D:4      | Noticed an air elemental
  2621 | D:5      | Entered Level 5 of the Dungeon
  2635 | D:5      | Noticed an ice beast
  2639 | D:5      | Found a sand-covered staircase.
  2646 | D:5      | XOM: potion effect (experience)
  2646 | D:5      | Reached skill level 5 in Axes
  2646 | D:5      | Reached skill level 5 in Armour
  2646 | D:5      | Reached skill level 5 in Stealth
  2646 | D:5      | Reached skill level 5 in Necromancy
  2646 | D:5      | Reached XP level 7. HP: 47/47 MP: 6/9
  2657 | D:5      | XOM: harmless Erth miscast
  2660 | D:5      | XOM: confuse monster(s)
  2679 | Ossuary  | Entered an ossuary
  2765 | Ossuary  | XOM: god gift: metal-bound book {god gift}
  2812 | Ossuary  | Noticed a flying skull
  2812 | Ossuary  | Noticed a wraith
  2848 | Ossuary  | Noticed a flying skull
  2851 | Ossuary  | Noticed a flying skull
  2856 | Ossuary  | Noticed a wraith
  2866 | Ossuary  | XOM: fog
  2874 | Ossuary  | XOM: cleaving
  2897 | Ossuary  | XOM: summons friendly shadow imp
  2904 | Ossuary  | XOM: confuse monster(s)
  2926 | Ossuary  | XOM: enchant monster (good)
  3150 | D:5      | XOM: give mutation
  3150 | D:5      | Gained mutation: You are surrounded by a mild repulsion
                  | field. (EV +2) [Xom's grace]
  3166 | D:5      | Learned a level 1 spell: Confusing Touch
  3170 | D:5      | Learned a level 3 spell: Confuse
  3236 | D:5      | XOM: potion effect (invisibility)
  3316 | D:5      | XOM: give mutations
  3316 | D:5      | Gained mutation: You are robust. (+10% HP) [Xom's grace]
  3316 | D:5      | Gained mutation: Your flesh is heat resistant. (rF+) [Xom's
                  | grace]
  3382 | D:5      | XOM: god gift: chain mail {god gift}
  3450 | D:5      | XOM: summons 2 friendly demons
  3453 | D:5      | Found a hide-covered altar of Uskayaw.
  3455 | D:5      | Reached skill level 1 in Spellcasting
  3455 | D:5      | Reached XP level 8. HP: 41/57 MP: 10/10
  3551 | D:5      | Reached skill level 2 in Spellcasting
  3669 | D:5      | XOM: divination: magic mapping
  3794 | D:5      | Found an iron altar of Okawaru.
  3860 | D:5      | XOM: silly message
  3890 | D:6      | Found a bloodstained altar of Trog.
  3932 | D:6      | XOM: potion effect (agility)
  3942 | D:6      | XOM: potion effect (agility)
  3992 | D:6      | XOM: give mutations
  3992 | D:6      | Lost mutation: You are robust. (+10% HP) [Xom's mischief]
  3992 | D:6      | Gained mutation: You are dopey. (Int -2) [Xom's mischief]
  3992 | D:6      | Gained mutation: You are clumsy. (Dex -2) [Xom's mischief]
  3997 | D:6      | Reached skill level 3 in Spellcasting
  4034 | D:6      | Found an ancient bone altar of Kikubaaqudgha.
  4040 | D:6      | XOM: summons 5 friendly demons
  4044 | D:6      | Reached skill level 1 in Hexes
  4149 | D:6      | XOM: 3-stop teleportation journey
  4207 | D:6      | Found a sacrificial altar of Ru.
  4251 | D:6      | XOM: give mutations
  4251 | D:6      | Gained mutation: You are very dopey. (Int -4) [Xom's
                  | mischief]
  4251 | D:6      | Lost mutation: Your flesh is heat resistant. (rF+) [Xom's
                  | mischief]
  4302 | D:6      | XOM: polymorph ice beast -> wolf
  4371 | D:6      | Found a staircase to the Ecumenical Temple.
  4439 | D:6      | XOM: stat loss: -1 Int (8/9)
  4442 | D:6      | Reached XP level 9. HP: 25/56 MP: 14/14
  4450 | D:6      | HP: 2/56 [orc warrior/+0 trident (15)]
  4524 | D:6      | XOM: god gift: scroll labeled FIADWE LICAMN {god gift}
  4558 | D:6      | XOM: scenery: create altars
  4644 | D:6      | Reached skill level 4 in Spellcasting
  4809 | D:7      | Found a white marble altar of Elyvilon.
  4837 | D:7      | Noticed a glowing shapeshifter
  4837 | D:7      | an orc warrior changed into a glowing shapeshifter
  4837 | D:7      | XOM: polymorph orc warrior -> glowing shapeshifter
  4837 | D:7      | Noticed a moth of wrath
  4837 | D:7      | a glowing shapeshifter changed into a moth of wrath
  4844 | D:7      | Noticed an eye of devastation
  4844 | D:7      | a moth of wrath changed into an eye of devastation
  4844 | D:7      | Noticed a manticore
  4844 | D:7      | an eye of devastation changed into a manticore
  4849 | D:7      | XOM: confuse monster(s)
  4850 | D:7      | Noticed a glowing orange brain
  4850 | D:7      | a manticore changed into a glowing orange brain
  4851 | D:7      | Noticed a deep troll
  4851 | D:7      | a glowing orange brain changed into a deep troll
  4854 | D:7      | XOM: enchant monster (good)
  4863 | D:7      | Killed a deep troll
  5013 | D:7      | Identified Xom's Papyrus of FakeJameh's Peril (Xom gifted
                  | it to you on level 7 of the Dungeon)
  5013 | D:7      | XOM: god gift: Xom's Papyrus of FakeJameh's Peril
  5017 | D:7      | Learned a level 1 spell: Animate Skeleton
  5021 | D:7      | Learned a level 3 spell: Vampiric Draining
  5027 | D:7      | Learned a level 5 spell: Agony
  5030 | D:7      | Learned a level 2 spell: Ensorcelled Hibernation
  5032 | D:7      | Learned a level 1 spell: Freeze
  5039 | D:7      | Learned a level 1 spell: Corona
  5428 | D:7      | Reached skill level 5 in Spellcasting
  5538 | D:8      | XOM: divination: detect items
  5568 | D:8      | XOM: smoke on damage
  5726 | D:8      | XOM: 1-stop teleportation journey
  5743 | D:8      | XOM: polymorph hippogriff -> tarantella
  5772 | D:8      | XOM: summons 3 friendly demons
  5797 | D:8      | Reached skill level 6 in Spellcasting
  5797 | D:8      | Reached XP level 10. HP: 50/61 MP: 19/19
  5847 | D:8      | Noticed a two-headed ogre
  5864 | D:8      | Killed a two-headed ogre
  5883 | D:8      | Learned a level 3 spell: Tukima's Dance
  6067 | D:8      | Noticed a kobold demonologist
  6085 | D:8      | Reached skill level 7 in Spellcasting
  6094 | D:8      | XOM: blink monster(s)
  6096 | D:8      | Killed a kobold demonologist
  6096 | D:8      | Reached skill level 1 in Ice Magic
  6209 | D:8      | XOM: confusion (+ monsters)
  6567 | D:9      | Lost mutation: You are very dopey. (Int -4) [potion of
                  | mutation]
  6567 | D:9      | Lost mutation: You are dopey. (Int -2) [potion of mutation]
  6567 | D:9      | Lost mutation: You are surrounded by a mild repulsion
                  | field. (EV +2) [potion of mutation]
  6567 | D:9      | Lost mutation: You are clumsy. (Dex -2) [potion of
                  | mutation]
  6567 | D:9      | Gained mutation: You have a pair of small horns on your
                  | head. [potion of mutation]
  6567 | D:9      | Gained mutation: Your large and strong wings let you fly
                  | indefinitely. [potion of mutation]
  6633 | D:9      | XOM: mild Conj miscast
  6652 | D:9      | Paralysed by fainting for 9 turns
  6688 | D:9      | Learned a level 3 spell: Dazzling Spray
  6703 | D:9      | Noticed a kobold demonologist
  6706 | D:9      | Noticed a kobold demonologist
  6783 | D:9      | XOM: summons friendly shadow imp
  6802 | D:9      | XOM: scenery: 2 doors close
  6806 | D:9      | XOM: repel stairs
  6822 | D:9      | Reached skill level 8 in Spellcasting
  6826 | D:10     | Entered Level 10 of the Dungeon
  6833 | D:10     | XOM: summons 4 friendly demons
  6834 | D:10     | XOM: swap monsters
  6847 | D:10     | XOM: enchant monster (bad)
  6969 | D:11     | XOM: noise
  6976 | D:11     | Noticed a brown ugly thing
  6978 | D:11     | XOM: enchant monster (bad)
  6990 | D:11     | Noticed Erica
  6995 | D:11     | Xom revived you
  7078 | D:12     | Noticed a manticore
  7090 | D:12     | Killed a manticore
  7090 | D:12     | Reached XP level 11. HP: 34/66 MP: 23/23
  7175 | D:12     | XOM: medium Hex miscast
  7224 | D:12     | XOM: cast spell 'Summon Butterflies'
  7227 | D:12     | XOM: confuse monster(s)
  7329 | D:12     | Reached skill level 1 in Shields
  7410 | D:11     | Noticed a manticore
  7428 | D:11     | XOM: divination: detect items
  7434 | D:11     | Killed a manticore
  8168 | D:11     | Noticed a cyclops
  8185 | D:11     | Noticed Josephine
  8188 | D:11     | Hit by a large rock thrown by a cyclops

Skill      XL: |  1  2  3  4  5  6  7  8  9 10 11 |
---------------+----------------------------------+-----
Axes           | 3 4 5 6 |  6.1
Dodging        | 1 4 |  4.2
Fighting       | 4 6 |  6.7
Stealth        | 1 2 5 |  5.8
Armour         | 3 5 |  5.9
Necromancy     | 5 |  5.4
Evocations     | 3 |  3.7
Spellcasting   | 1 3 6 8 |  8.8
Hexes          | 1 3 4 |  4.5
Ice Magic      | 1 |  1.4
Shields        | 1 |  1.8
Conjurations   | |  0.1

Action                   |  1- 3 |  4- 6 |  7- 9 | 10-12 || total
-------------------------+-------+-------+-------+-------++-------
Melee: Hand axe          |   130 |   124 |   346 |   270 ||   870
       Headbutt          |       |       |       |    26 ||    26
 Cast: Confusing Touch   |       |       |     5 |     1 ||     6
       Ensorcelled Hiber |       |       |     6 |     7 ||    13
       Confuse           |       |       |     2 |     3 ||     5
       Animate Skeleton  |       |       |     1 |     3 ||     4
       Tukima's Dance    |       |       |       |     8 ||     8
       Dazzling Spray    |       |       |       |     7 ||     7
       Vampiric Draining |       |       |       |     5 ||     5
       Agony             |       |       |       |     1 ||     1
Evoke: Wand              |       |       |     7 |     8 ||    15
  Use: Scroll            |     2 |     1 |    16 |    11 ||    30
       Potion            |       |       |    10 |     9 ||    19
 Stab: Petrified         |     6 |       |       |       ||     6
       Petrifying        |     1 |       |     1 |       ||     2
       Paralysed         |       |     1 |    14 |     6 ||    21
       Sleeping          |       |     1 |     5 |     3 ||     9
       Invisible         |       |       |     3 |    10 ||    13
       Confused          |       |       |     3 |     2 ||     5
       Distracted        |       |       |     1 |       ||     1
  Eat: Chunk             |       |     4 |     6 |    13 ||    23
       Ration            |       |       |     2 |       ||     2
Armor: Leather armour    |    43 |    76 |   118 |   189 ||   426
       Plate armour      |       |     3 |     4 |    43 ||    50
       Ring mail         |       |       |    33 |       ||    33
       Skin              |       |       |    22 |     2 ||    24
Dodge: Dodged            |    68 |    93 |   380 |   332 ||   873
Block: Large shield      |       |       |       |    29 ||    29
